 Dungeon Crawl Stone Soup version 0.30-a0-54-g2e61a25929 (webtiles) character file.

Game seed: 2509023331189974460

6431 PyroL the Covert (level 10, -1/51 HPs)
             Began as a Spriggan Enchanter on Sept 7, 2022.
             Was a Follower of Dithmenos.
             Slain by a killer bee (4 damage)
             ... on level 9 of the Dungeon.
             The game lasted 00:36:23 (14936 turns).

PyroL the Covert (Spriggan Enchanter)              Turns: 14936, Time: 00:36:24

Health: -1/51      AC:  7    Str: 10    XL:     10   Next: 67%
Magic:  13/21      EV: 22    Int: 19    God:    Dithmenos [*.....]
Gold:   546        SH:  0    Dex: 20    Spells: 12/23 levels left

rFire   . . .      SeeInvis +    a - +3 dagger (flame)
rCold   . . .      Faith    .    (no shield)
rNeg    + + .      Spirit   .    G - +0 steam dragon scales
rPois   .          Reflect  .    (helmet restricted)
rElec   .          Harm     .    p - +1 cloak "Gerufut" {rN++ rCorr Int-4 SInv}
rCorr   +          Rampage  .    (gloves unavailable)
Will    +....                    (boots unavailable)
Stlth   ++++++....               (no amulet)
HPRegen 0.17/turn                e - +6 ring of intelligence
MPRegen 0.17/turn                h - +6 ring of strength

@: slowed, wreathed by umbra, quick
A: very small, no large weapons, unfitting armour, see invisible, speed 3
a: Renounce Religion


You were on level 9 of the Dungeon.
You worshipped Dithmenos.
Dithmenos was aware of your devotion.
You visited 2 branches of the dungeon, and saw 10 of its levels.

You collected 546 gold pieces.

Inventory:

Hand Weapons
 a - a +3 dagger of flaming (weapon)
 I - the +8 trident of the Octopus King {venom, rElec rPois}
   (You found it on level 7 of the Dungeon)

   It poisons the flesh of those it strikes.
   rElec:     It insulates you from electricity.
   rPois:     It protects you from poison.
Missiles
 t - 12 poisoned darts
 F - 3 atropa-tipped darts
Armour
 b - a +1 robe
 p - the +1 cloak "Gerufut" (worn) {rN++ rCorr Int-4 SInv}
   (You found it on level 3 of the Dungeon)

   Int:       It affects your intelligence (-4).
   rN:        It greatly protects you from negative energy.
   SInv:      It lets you see invisible.
   rCorr:     It protects you from acid and corrosion.
 B - a +0 troll leather armour
 G - +0 steam dragon scales (worn)
Jewellery
 e - a +6 ring of intelligence (left hand)
 f - a ring of ice
 g - a ring of ice
 h - a +6 ring of strength (right hand)
 D - a ring of fire
Wands
 o - a wand of quicksilver (15)
 C - a wand of mindburst (6)
Scrolls
 k - a scroll of poison
 q - 4 scrolls of vulnerability
 r - a scroll of enchant weapon
 u - 5 scrolls of teleportation
 w - a scroll of blinking
 E - a scroll of enchant armour
Potions
 c - 4 potions of invisibility
 d - 6 potions of curing
 i - 4 potions of attraction
 j - a potion of ambrosia {unknown}
 l - a potion of brilliance
 m - 2 potions of mutation
 n - a potion of haste {unknown}
 s - a potion of cancellation {unknown}
 v - a potion of might
 x - 2 potions of magic
 z - a potion of flight {unknown}
 J - 2 potions of heal wounds


   Skills:
 * Level 4.4 Fighting
 * Level 8.4 Short Blades
 - Level 7.2 Dodging
 + Level 11.2 Stealth
 - Level 7.0 Spellcasting
 - Level 10.1 Hexes
 + Level 4.9 Evocations


You had 12 spell levels left.
You knew the following spells:

 Your Spells              Type           Power      Damage    Failure   Level
a - Ensorcelled Hibernat  Hex/Ice        50%        N/A       1%          2
b - Confusing Touch       Hex            45%        N/A       1%          3
c - Tukima's Dance        Hex            45%        N/A       1%          3
d - Dazzling Flash        Conj/Hex       50%        N/A       3%          3

Your spell library contained the following spells:

 Spells                   Type           Power      Damage    Failure   Level
 Summon Mana Viper        Hex/Summ       25%        N/A       34%         5
 Summon Ice Beast         Ice/Summ       6%         N/A       69%         4
 Monstrous Menagerie      Summ           3%         N/A       100%        7


Dungeon Overview and Level Annotations

Branches:
Dungeon (9/15)             Temple (1/1) D:7            Lair (0/5) D:8
    Orc: D:9-12

Altars:
Ashenzari
Dithmenos
Elyvilon
Fedhas
Gozag
Hepliaklqana
Kikubaaqudgha
Makhleb
Nemelex Xobeh
Okawaru
Qazlal
Ru
Sif Muna
Trog
Uskayaw
Vehumet
Wu Jian
Xom
Yredelemnul
Zin
The Shining One

Shops:
D:2 [   D:4 [   D:5 *

Annotations:
D:9 1 transporter


Innate Abilities, Weirdness & Mutations

You are very small and have problems with some larger weapons.
You are too small for most types of armour.
You have supernaturally acute eyesight. (SInv)
You cover ground extremely quickly. (Speed+++)


Message History

The yak is lightly wounded.
The wraith barely misses you. The yak misses you. The yak closely misses you.
You hit the yak. You burn the yak.
The yak is moderately wounded.
Casting: Dazzling Flash (dangerous; 3% risk of failure)
Confirm with . or Enter, or press ? or * to list all spells.
Your hands begin to glow red.
The wraith misses you. The yak gores you. The yak gores you but does no damage.
You hit the wraith but do no damage.
The yak is no longer blind.
The wraith completely misses you. The yak gores you!
You hit the wraith but do no damage. You hit the wraith but do no damage.
The yak is no longer blind.
The wraith completely misses you. The yak gores you!
* * * LOW HITPOINT WARNING * * *
You hit the yak but do no damage.
The yak appears confused.
The yak is lightly wounded.
The yak is no longer blind.
You hit the wraith but do no damage.
Casting: Confusing Touch (safe; 1% risk of failure)
Confirm with . or Enter, or press ? or * to list all spells.
Your hands begin to glow red.
The wraith completely misses you.
The yak completely misses the yak.
The yak gores itself.
You hit the wraith but do no damage. The wraith hits you!
* * * LOW HITPOINT WARNING * * *
The wraith drains your vigour!
You feel yourself slow down.
You hit the wraith but do no damage.
The yak is no longer blind.
The wraith barely misses you.
The yak gores the yak!
You hit the wraith but do no damage. The wraith closely misses you.
You hit the wraith but do no damage. The wraith misses you.
You hit the wraith but do no damage. You hit the wraith but do no damage.
The wraith hits you!
* * * LOW HITPOINT WARNING * * *
The wraith drains your vigour!
You feel as though you will be slow longer.
A killer bee comes into view.
The killer bee buzzes angrily.
A killer bee comes into view. x2
Your hands stop glowing.
Found 19 gold pieces.
The killer bee stings you.
You die...

#...##....Y...#
######
#...##..YYY...# .#
....© #...# #Y# .#
.. .$.. #...# #.# .#
.##.#...
#...#####.###.## ...
........
#..............##..#
........
#...#####.##W#.....#
.......< #...#
#..##.y#....$
........ #...#
##.###@.......
.......!
##.####.........##.#
........
#.##...####.##.#
........
#....#.##..<# ...
........
#..###....### #y.#
#.####.# #..#....###
..# #. #. #....#.##
.# #. #..##..#
#.###.##


You could see a wraith and 2 killer bees.

Vanquished Creatures
  Joseph (D:8)
  A gargoyle (D:8)
  A troll (D:6)
  Prince Ribbit (D:8)
  A shadow (D:9)
  A wyvern (D:8)
  4 yaks (D:9)
  2 steam dragons
  A vampire mosquito (D:6)
  Menkaure (D:6)
  2 water moccasins
  3 black bears (D:6)
  3 ice beasts
  A sky beast (D:6)
  An orc warrior (D:7)
  An ogre (D:6)
  2 centaurs
  4 phantoms
  2 bullfrogs
  2 kobold brigands
  2 necrophages
  2 gnoll sergeants (D:6)
  4 scorpions
  2 wights (D:8)
  3 killer bees (D:7)
  2 electric eels (D:6)
  2 jellies (D:6)
  6 orc priests
  2 gnoll boudas
  6 hounds
  6 iguanas
  Jessica (D:3)
  Ijyb (D:5)
  7 orc wizards
  Robin (D:3)
  21 gnolls
  8 adders
  A shadow imp (D:8)
  2 white imps
  3 ufetubi
  2 worms (D:4)
  2 dart slugs
  31 orcs
  8 endoplasms
  2 giant cockroaches
  7 goblins
  9 hobgoblins
  2 quokkas
  16 ball pythons
  5 bats
  3 frilled lizards
  13 kobolds
  5 rats
222 creatures vanquished.

Vanquished Creatures (collateral kills)
  Sigmund (D:3)
  A wight (D:8)
2 creatures vanquished.

Vanquished Creatures (others)
  A dancing weapon (D:8)
  8 plants (D:1)
9 creatures vanquished.

Grand Total: 233 creatures vanquished

Notes
Turn   | Place    | Note
-------+----------+-------------------------------------------
     0 | D:1      | PyroL the Spriggan Enchanter began the quest for the Orb.
     0 | D:1      | Reached XP level 1. HP: 9/9 MP: 5/5
   184 | D:1      | Reached XP level 2. HP: 10/13 MP: 6/6
   676 | D:1      | Learned a level 2 spell: Ensorcelled Hibernation
  1111 | D:1      | Reached XP level 3. HP: 15/16 MP: 5/8
  1763 | D:2      | Learned a level 3 spell: Confusing Touch
  1881 | D:2      | Reached skill level 5 in Stealth
  2013 | D:2      | Found Beckesig's Antique Armour Shoppe.
  2044 | D:2      | Reached XP level 4. HP: 21/21 MP: 6/9
  2453 | D:3      | Found a faded altar of an unknown god.
  2474 | D:3      | Noticed Jessica
  2502 | D:3      | Killed Jessica
  2509 | D:3      | Found an ancient bone altar of Kikubaaqudgha.
  2942 | D:3      | Reached skill level 5 in Hexes
  3063 | D:3      | Noticed Robin
  3067 | D:3      | Reached XP level 5. HP: 20/24 MP: 3/11
  3280 | D:3      | Learned a level 3 spell: Tukima's Dance
  3293 | D:3      | Identified the +1 cloak "Gerufut" {rN++ rCorr Int-4 SInv}
  3338 | D:3      | Killed Robin
  3746 | D:3      | Noticed Sigmund
  3747 | D:3      | Found a hide-covered altar of Uskayaw.
  3830 | D:3      | Killed Sigmund
  3831 | D:3      | Reached skill level 5 in Dodging
  3831 | D:3      | Reached skill level 6 in Stealth
  3831 | D:3      | Reached XP level 6. HP: 8/28 MP: 1/13
  4077 | D:3      | Found an iron altar of Okawaru.
  5048 | D:3      | Reached XP level 7. HP: 17/32 MP: 10/14
  5828 | D:4      | Found Oppibbei's Armour Shop.
  6057 | D:4      | Reached skill level 5 in Spellcasting
  6174 | D:5      | Entered Level 5 of the Dungeon
  6177 | D:5      | Reached skill level 7 in Stealth
  6575 | D:5      | Reached XP level 8. HP: 31/36 MP: 11/16
  7933 | D:5      | Found a broken altar of Ashenzari.
  7982 | D:5      | Noticed Ijyb
  7989 | D:5      | Killed Ijyb
  8029 | D:5      | Reached skill level 8 in Stealth
  8048 | D:5      | Found an opulent altar of Gozag.
  8051 | D:5      | Found Gozag's Platinum Reserve.
  8304 | D:5      | Found a shimmering altar of Xom.
  8806 | D:6      | Reached XP level 9. HP: 39/39 MP: 12/19
  9118 | D:6      | Reached skill level 9 in Stealth
  9145 | D:6      | Noticed a troll
  9540 | D:6      | Reached skill level 5 in Short Blades
  9944 | D:6      | Learned a level 3 spell: Dazzling Flash
 10039 | D:6      | Killed a troll
 10040 | D:6      | Reached skill level 10 in Hexes
 10696 | D:6      | Reached skill level 1 in Fighting
 10696 | D:6      | Reached skill level 1 in Evocations
 11101 | D:7      | Noticed Menkaure
 11136 | D:6      | Killed Menkaure
 11218 | D:7      | Found the +8 trident of the Octopus King {venom, rElec
                  | rPois}
 11334 | D:7      | Found a staircase to the Ecumenical Temple.
 11346 | Temple   | Entered the Ecumenical Temple
 11569 | Temple   | Became a worshipper of Dithmenos the Shadowed
 11722 | D:7      | Reached skill level 10 in Stealth
 11801 | D:7      | Found an ornate altar of the Wu Jian Council.
 12005 | D:7      | Reached XP level 10. HP: 31/47 MP: 8/21
 12666 | D:8      | Noticed Prince Ribbit
 12674 | D:8      | Killed Prince Ribbit
 13652 | D:8      | Noticed a gargoyle
 13659 | D:8      | Killed a gargoyle
 13767 | D:8      | Found a staircase to the Lair.
 14097 | D:8      | Noticed Joseph
 14116 | D:8      | HP: 1/49 [Joseph/sling bullet (13)]
 14527 | D:8      | Killed Joseph
 14709 | D:9      | Found a transporter.
 14826 | D:9      | Reached skill level 11 in Stealth
 14906 | D:9      | Reached * piety under Dithmenos
 14930 | D:9      | HP: 2/51 [wraith (10)]
 14936 | D:9      | Slain by a killer bee

Illustrated notes

Levels and vault maps discovered:
D:1:      saegor_arrival_simple_e, layout_rooms, hangedman_feature_mirror,
          columned_hall_lemuel, minmay_shallow_snake_nest
D:2:      layout_basic, serial_shops, nicolae_shop_advertising_works
          [nicolae_subvault_shop_adworks], chequers_serial_rivers_micro_e
D:3:      layout_basic, amcnicky_altar_gilded, nicolae_uskayaw_dance_hall,
          mainiacjoe_overflow_catwalk, basic_ecumenical_altar, uniq_robin,
          uniq_jessica, uniq_sigmund
D:4:      layout_cave_pools, serial_shops, nicolae_shop_hallway_plus,
          kennysheep_generic_room_6
D:5:      layout_basic, nicolae_ashenzari_skybound,
          nicolae_gozag_zags_fifth_avenue, lemuel_round_altar, uniq_ijyb
D:6:      hangedman_cross_stitches, layout_basic, fountainhead
D:7:      layout_gridville, mainiacjoe_overflow_24_doors,
          minmay_temple_entry_stoned_glass, uniq_menkaure
D:8:      layout_layer_cave, lair_entry_dummy, minmay_statues_item, uniq_joseph,
          uniq_prince_ribbit1
D:9:      gammafunk_jiyva_shrine, layout_rooms, uniq_maurice
Temple:   eino_temple_water

Skill      XL: |  1  2  3  4  5  6  7  8  9 10 |
---------------+-------------------------------+-----
Dodging        | 3 4 5 6 7 |  7.2
Hexes          | 4 5 6 7 9 10 | 10.1
Spellcasting   | 3 4 5 6 7 |  7.0
Stealth        | 5 6 7 8 10 11 | 11.2
Short Blades   | 4 6 8 |  8.4
Fighting       | 2 4 |  4.4
Evocations     | 2 4 |  4.9

Action                   |  1- 3 |  4- 6 |  7- 9 | 10-12 || total
-------------------------+-------+-------+-------+-------++-------
Melee: Dagger            |   120 |   150 |   397 |   103 ||   770
       Punch             |     1 |     3 |     7 |       ||    11
 Cast: Ensorcelled Hiber |    18 |    34 |    97 |    33 ||   182
       Confusing Touch   |       |     7 |    27 |     6 ||    40
       Tukima's Dance    |       |     3 |       |     3 ||     6
       Dazzling Flash    |       |       |       |     6 ||     6
  Use: Scroll            |     5 |     1 |     5 |     7 ||    18
       Potion            |       |       |       |     1 ||     1
 Stab: Sleeping          |    14 |    25 |    59 |    20 ||   118
       Confused          |       |     3 |    20 |     4 ||    27
       Distracted        |       |       |     1 |       ||     1
       Invisible         |       |       |       |     7 ||     7
Armor: Robe              |    14 |    15 |    27 |       ||    56
       Troll leather arm |       |       |    11 |       ||    11
       Steam dragon scal |       |       |     2 |    10 ||    12
Dodge: Dodged            |    98 |   107 |   400 |    81 ||   686

Table legend: (Time is in decaauts)
 A = Elapsed time spent in this place.
 B = Non-inter-level travel time spent in this place.
 C = Inter-level travel time spent in this place.
 D = Time resting spent in this place.
 E = Time spent auto-exploring this place.
 F = Levels seen in this place.
 G = Mean time per level.
                   A        B        C        D        E       F      G
               +--------+--------+--------+--------+--------+-----+--------+
         Total |  11983 |  11691 |    292 |   4056 |   5243 |  10 | 1198.3 |
       Dungeon |  11836 |  11576 |    260 |   4056 |   5138 |   9 | 1315.1 |
        Temple |    146 |    115 |     31 |      0 |    105 |   1 |  146.0 |
               +--------+--------+--------+--------+--------+-----+--------+

Top non-repeatable levels by time:
     D:5: 2000 daAuts
     D:3: 1909 daAuts
     D:6: 1620 daAuts
     D:7: 1423 daAuts
     D:1: 1333 daAuts
     D:4: 1270 daAuts
     D:8: 1244 daAuts
     D:2: 925 daAuts
  Temple: 146 daAuts
     D:9: 109 daAuts
